 Dungeon Crawl Stone Soup version 0.24-a0-266-g1edb078 (webtiles) character file.

Game seed: 1019014888854064653

1602 GroovyGamera the Carver (level 8, -3/71 HPs)
             Began as a Purple Draconian Fighter on Apr 21, 2019.
             Was a Believer of Makhleb.
             Slain by an orc wizard
             ... wielding a +1 dagger of electrocution
              (13 damage)
             ... on level 7 of the Dungeon.
             The game lasted 00:17:47 (5510 turns).

GroovyGamera the Carver (Purple Draconian Fighter)  Turns: 5510, Time: 00:17:47

Health: -3/71      AC:  7    Str: 19    XL:     8   Next: 62%
Magic:  11/11      EV: 10    Int: 11    God:    Makhleb [**....]
Gold:   398        SH: 11    Dex: 10    Spells: 7/7 levels left

rFire    + . .     SeeInvis .   a - +1 long sword
rCold    . . .     Gourm    .   b - +1 shield
rNeg     . . .     Faith    .   (armour unavailable)
rPois    .         Spirit   .   (helmet restricted)
rElec    .         Reflect  .   (no cloak)
rCorr    +         Harm     .   v - +0 pair of gloves
MR       +....                  (no boots)
Stlth    +.........             x - amulet of regeneration
HPRegen  0.61/turn              i - ring of resist corrosion
MPRegen  0.12/turn              y - ring of protection from fire

@: short of breath, studying Long Blades
A: breathe power, unfitting armour, cold-blooded, AC +6
a: Breathe Dispelling Energy, Minor Destruction, Renounce Religion


You were on level 7 of the Dungeon.
You worshipped Makhleb.
Makhleb was pleased with you.
You were not hungry.

You visited 1 branch of the dungeon, and saw 7 of its levels.
You also visited: Sewer.

You collected 398 gold pieces.

Inventory:

Hand Weapons
 a - a +1 long sword (weapon)
Missiles
 f - 12 tomahawks
 h - 45 bolts
 w - 10 javelins (quivered)
Armour
 b - a +1 shield (worn)
 v - a +0 pair of gloves (worn)
Jewellery
 i - a ring of resist corrosion (left hand)
 r - a +2 ring of intelligence
 t - an uncursed ring of ice
 x - an amulet of regeneration (around neck)
 y - a ring of protection from fire (right hand)
Wands
 z - a wand of random effects (28)
 D - a wand of flame (24)
Scrolls
 e - 4 scrolls of identify
 g - 2 scrolls of teleportation
 j - a scroll of enchant weapon
 k - 3 scrolls of remove curse
 l - 5 scrolls of amnesia
 m - a scroll of enchant armour
 n - 2 scrolls of immolation
 s - 2 scrolls of fear
 u - a scroll of blinking
 B - a scroll of magic mapping
 C - 2 scrolls of random uselessness {unknown}
 E - 2 scrolls of noise {unknown}
 J - a scroll of fog {unknown}
Potions
 c - 4 potions of might
 o - a potion of curing
 p - a potion of agility
 q - a potion of magic
 F - a potion of flight {unknown}
 G - a potion of lignification {unknown}
 I - 2 potions of heal wounds {unknown}
 K - a potion of ambrosia {unknown}
Books
 A - a manual of Long Blades
Comestibles
 d - 10 rations
 H - a chunk of flesh


   Skills:
 + Level 6.3 Fighting
 * Level 9.3 Long Blades
 - Level 2.6 Dodging
 + Level 5.7 Shields
 + Level 4.5 Invocations


You had 7 spell levels left.
You didn't know any spells.
Your spell library was empty.

Dungeon Overview and Level Annotations

Branches:
Dungeon (7/15)             Temple (0/1) D:4

Altars:
Ashenzari
Hepliaklqana
Makhleb
Wu Jian
Yredelemnul

Annotations:
D:6 3 runed translucent doors, 2 transporters, Dernum's ghost, novice TrBe


Innate Abilities, Weirdness & Mutations

You can breathe bolts of dispelling energy.
Your rich purple scales are hard. (AC +6)
You cannot fit into any form of body armour.
You are cold-blooded and may be slowed by cold attacks.


Message History

Makhleb accepts your kill.
The leopard gecko bites you but does no damage.
The leopard gecko barely misses you. Something hits you but does no damage.
You are electrocuted!
You hit the leopard gecko. You tail-slap the leopard gecko.
You kill the leopard gecko!
Makhleb accepts your kill. Something hits you but does no damage.
You hit the orc.
The orc is moderately wounded.
The orc barely misses you. Something hits you but does no damage.
You closely miss the orc.
The orc is moderately wounded.
You block the orc's attack. Something hits you.
You are electrocuted!
* * * LOW HITPOINT WARNING * * *
You hit the orc.
You kill the orc!
Makhleb accepts your kill. Something hits you but does no damage.
You are electrocuted!
You die...

#... .( ...... ..#
#..... ... .... ###(.
?.. ...# ..
######.##.(.. .
.......†.)#.# .
.......)@...# .# #.#
.....#.+##.##.###
..... ...
#...#......# #.#.# .
#........#. #.#.#
####...#.##.#. #.#.#
#⌠.##+##.⌠# ..##
#.#.# #.........# ..#
#.#.# #.......#####.#
#.#.#
#.......#...#.###.#.#


There were no monsters in sight!

Vanquished Creatures
  Prince Ribbit (D:6)
  Eustachio (D:5)
  2 ice beasts (D:6)
  A phantom (D:7)
  A crocodile (D:7)
  A big kobold (D:5)
  3 bullfrogs
  A scorpion (D:6)
  2 crimson imps (D:6)
  A bullfrog zombie (D:5)
  An orc priest (D:6)
  A jelly (D:6)
  A bullfrog skeleton (D:6)
  2 orc wizards (D:6)
  Jessica (D:2)
  A worker ant (D:4)
  A hound skeleton (D:7)
  2 hound zombies (D:6)
  12 adders
  A shadow imp (D:6)
  An adder skeleton (D:5)
  2 worms
  A dart slug (D:2)
  11 leopard geckos
  9 orcs
  6 ball pythons
  11 bats
  10 giant cockroaches
  8 goblins
  14 hobgoblins
  7 jackals (D:3)
  4 quokkas
  8 frilled lizards
  17 kobolds
  A leopard gecko zombie (D:5)
  13 rats
160 creatures vanquished.

Notes
Turn   | Place    | Note
-------+----------+-------------------------------------------
     0 | D:1      | GroovyGamera the Draconian Fighter began the quest for the
                  | Orb.
     0 | D:1      | Reached XP level 1. HP: 19/19 MP: 1/1
   212 | D:1      | Reached XP level 2. HP: 24/26 MP: 2/2
   742 | D:2      | Reached XP level 3. HP: 27/31 MP: 3/3
   876 | D:2      | Reached skill level 3 in Long Blades
  1367 | D:2      | Noticed Jessica
  1374 | D:2      | Killed Jessica
  1374 | D:2      | Reached XP level 4. HP: 35/40 MP: 4/4
  1924 | D:3      | Found a burning altar of Makhleb.
  1939 | D:3      | Became a worshipper of Makhleb the Destroyer
  1971 | D:3      | Reached skill level 4 in Long Blades
  1971 | D:3      | Reached XP level 5. HP: 40/46 MP: 5/5
  2265 | D:3      | Found a basalt altar of Yredelemnul.
  2584 | D:4      | Found an ornate altar of the Wu Jian Council.
  2597 | D:4      | Found a transporter.
  2608 | D:4      | Found a transporter.
  2710 | D:4      | Found a glowing drain.
  2733 | Sewer    | Entered a sewer
  2821 | Sewer    | Reached * piety under Makhleb
  2888 | Sewer    | Reached skill level 1 in Invocations
  2992 | Sewer    | Reached XP level 6. HP: 41/53 MP: 5/7
  3242 | D:4      | Reached skill level 5 in Long Blades
  3502 | D:4      | Found a staircase to the Ecumenical Temple.
  3804 | D:5      | Entered Level 5 of the Dungeon
  3936 | D:5      | Found a hazy altar of Hepliaklqana.
  3936 | D:5      | Noticed Eustachio
  3952 | D:5      | Reached skill level 5 in Fighting
  3971 | D:5      | Killed Eustachio
  3971 | D:5      | Reached skill level 6 in Long Blades
  3971 | D:5      | Your scales start taking on a rich purple colour.
  3971 | D:5      | Reached XP level 7. HP: 11/61 MP: 7/9
  4700 | D:6      | Reached skill level 7 in Long Blades
  4726 | D:6      | Reached ** piety under Makhleb
  4898 | D:6      | Reached skill level 5 in Shields
  4970 | D:6      | Reached XP level 8. HP: 58/70 MP: 10/10
  4979 | D:6      | Found a runed translucent gate.
  4979 | D:6      | Found a runed translucent gate.
  4979 | D:6      | Found a runed translucent gate.
  4979 | D:6      | Noticed Dernum's ghost (novice TrBe)
  4983 | D:6      | Noticed a kobold demonologist
  5037 | D:6      | Found a transporter.
  5054 | D:6      | Found a transporter.
  5098 | D:6      | Reached skill level 8 in Long Blades
  5157 | D:6      | Noticed Prince Ribbit
  5179 | D:6      | Killed Prince Ribbit
  5455 | D:7      | Found a shattered altar of Ashenzari.
  5483 | D:7      | Reached skill level 9 in Long Blades
  5510 | D:7      | Slain by an orc wizard

Levels and vault maps discovered:
D:1:      eino_arrival_cavern_d, layout_loops_ring,
          chequers_serial_rivers_marsh, chequers_serial_rivers_micro_c
D:2:      layout_loops_ring, minmay_liquid_box, uniq_jessica
D:3:      layout_rooms, lemuel_round_altar, marbit_many_paths, st_stairs_7,
          serial_bayou_pond_d, bh_walls_and_bars
D:4:      gammafunk_wand_slinger, layout_basic, lemuel_crystal_altar,
          minmay_temple_entry_drinking_statues, first_ration,
          gup_sewer_entry_pipe, grunt_decor_fettered
D:5:      cheibrodos_thug_alley, layout_rooms, overflow_temple_1_default,
          uniq_eustachio
D:6:      gammafunk_steamed_eel, layout_loops_cross,
          gammafunk_ghost_nasty_kobolds, uniq_prince_ribbit1
D:7:      layout_basic, grunt_gozag_breadcrumbs, evilmike_ruin_ashenzari,
          nicolae_overflow_crystal_walls
Sewer:    sewer_frog_island_01

Skill      XL: |  1  2  3  4  5  6  7  8 |
---------------+-------------------------+-----
Long Blades    | 3 4 6 7 9 |  9.3
Fighting       | 4 5 6 |  6.3
Shields        | 4 5 |  5.7
Invocations    | 1 2 3 4 |  4.5
Dodging        | |  2.6

Action                   |  1- 3 |  4- 6 |  7- 9 || total
-------------------------+-------+-------+-------++-------
Melee: Long sword        |   119 |   275 |   130 ||   524
       Tailslap          |    15 |    27 |    19 ||    61
Throw: Tomahawk          |     7 |     1 |       ||     8
       Javelin           |       |     2 |    17 ||    19
 Abil: Breathe Dispellin |       |       |     1 ||     1
  Use: Scroll            |       |    13 |       ||    13
       Potion            |       |     1 |     1 ||     2
 Stab: Sleeping          |     1 |       |     1 ||     2
  Eat: Chunk             |     2 |     7 |     4 ||    13
       Ration            |       |     1 |       ||     1
Armor: Skin              |    34 |   110 |    30 ||   174
Dodge: Dodged            |    54 |   152 |    32 ||   238
Block: Shield            |    76 |   190 |    51 ||   317
       Rpst.: Long sword |    21 |    47 |     9 ||    77

Table legend:
 A = Non-vault XP
 B = Vault XP
 C = Vault XP percentage of total XP
 D = Non-vault monster count
 E = Vault monster count
 F = Vault count percentage of total count
                 A         B        C        D         E       F
            +---------+---------+-------+---------+---------+-------
      Total |    1393 |     896 |  39.1 |     116 |      44 |  27.5
            +---------+---------+-------+---------+---------+-------
        D:1 |      28 |       0 |   0.0 |      20 |       0 |   0.0
        D:2 |      71 |      37 |  34.3 |      24 |       1 |   4.0
        D:3 |     125 |       3 |   2.3 |      35 |       2 |   5.4
        D:4 |      36 |      22 |  37.9 |       2 |       8 |  80.0
        D:5 |      53 |     305 |  85.2 |       4 |      12 |  75.0
        D:6 |     821 |     296 |  26.5 |      24 |       1 |   4.0
        D:7 |     259 |       0 |   0.0 |       7 |       0 |   0.0
      Sewer |       0 |     233 | 100.0 |       0 |      20 | 100.0
            +---------+---------+-------+---------+---------+-------
